 Dungeon Sprint DCSS version 0.27-a0-1456-gf5a116941d (webtiles) character file.

Game seed: 14155710193046568542

170 mhtbhm the Fighter (level 5, -7/53 HPs)
             Began as a Hill Orc Fighter on July 5, 2021.
             Was a Believer of Beogh.
             Mangled by a fire bat (9 damage)
             ... in the Dungeon (Sprint VII: "The Pits").
             The game lasted 00:00:46 (415 turns).

mhtbhm the Fighter (Hill Orc Fighter)                Turns: 415, Time: 00:00:47

Health: -7/53      AC: 13    Str: 20    XL:     5   Next: 51%
Magic:  5/5        EV:  6    Int:  8    God:    Beogh [**....]
Gold:   0          SH: 10    Dex: 10    Spells: 4/4 levels left

rFire    . . .     SeeInvis .   a - +2 hand axe
rCold    . . .     Faith    .   c - +0 kite shield
rNeg     . . .     Spirit   .   b - +3 chain mail
rPois    .         Reflect  .   (no helmet)
rElec    .         Harm     .   (no cloak)
rCorr    .         Rampage  .   (no gloves)
Will     .....     NoTele   +   (no boots)
Stlth    ..........             (no amulet)
HPRegen  0.17/turn              (no ring)
MPRegen  0.09/turn              (no ring)

@: slowed, very slow
A: no striking features
a: Renounce Religion, Smiting


You were in the Dungeon.
You worshipped Beogh.
Beogh was pleased with you.
You visited 1 branch

Inventory:

Hand Weapons
 a - a +2 hand axe (weapon)
Armour
 b - a +3 chain mail (worn)
 c - a +0 kite shield (worn)
Scrolls
 j - a scroll of blinking
 l - 5 scrolls of amnesia
 m - a scroll of summoning
Potions
 d - a potion of might
 e - 4 potions of curing
 f - 6 potions of heal wounds
 g - a potion of haste
 h - 4 potions of magic
 i - 3 potions of berserk rage
 k - 2 potions of invisibility


   Skills:
 + Level 8.0 Fighting
 + Level 5.3 Axes
 + Level 7.2 Armour
 + Level 7.1 Shields


You had 4 spell levels left.
You didn't know any spells.
Your spell library was empty.

Dungeon Overview and Level Annotations

Branches:
Dungeon (1/1)

Altars:
Ashenzari
Cheibriados
Dithmenos
Elyvilon
Fedhas
Gozag
Hepliaklqana
Kikubaaqudgha
Makhleb
Nemelex Xobeh
Okawaru
Qazlal
Ru
Sif Muna
Trog
Uskayaw
Vehumet
Wu Jian
Xom
Yredelemnul
Zin
The Shining One
Beogh
Jiyva
Lugonu


Message History

It bursts into flame!
The centaur shoots an arrow.
The arrow hits you. The arrow burns you. You block the fire bat's attack.
There is an open door here.
The fire bat bites you but does no damage.
The centaur shoots an arrow.
You block the arrow.
A black bear comes into view.
The kobold brigand throws a curare-tipped dart.
The curare-tipped dart hits you.
You are poisoned.
You have difficulty breathing.
You feel yourself slow down.
The centaur shoots an arrow.
The arrow hits you but does no damage.
The black bear growls angrily.
Unknown command.
You feel better. You block the fire bat's attack.
The kobold brigand throws a curare-tipped dart.
The curare-tipped dart hits you.
You are poisoned.
You have difficulty breathing.
You feel as though you will be slow longer.
The endoplasm hits you but does no damage.
The centaur shoots an arrow.
The arrow hits you! The arrow burns you. You block the fire bat's attack.
The endoplasm freezes you.
You are frozen.
You feel very sick. You block the fire bat's attack.
The centaur shoots an arrow.
The arrow hits you.
* * * LOW HITPOINT WARNING * * *
The arrow burns you.
* * * LOW HITPOINT WARNING * * *
Unknown command.
You feel better. The fire bat bites you.
* * * LOW HITPOINT WARNING * * *
You are engulfed in flames!
* * * LOW HITPOINT WARNING * * *
The fire bat bites you.
* * * LOW HITPOINT WARNING * * *
You are engulfed in flames!
You die...

#.#...#.#))#####'#
#.#†..'.#))##.....
#.##)####))##.....
#.#.....#..##.....
#.#.....#'###...<.
#.#........##.....
#.#........##.....
#b###########.....
#@Jo....# ######
#hoo....#
#Kc.#...# #..##
..# #... .# #....
# #.... ######


You could see an orc warrior, a black bear, a kobold brigand, a fire bat, a
centaur, 2 orcs and an endoplasm.

Vanquished Creatures
  A floating eye (D)
  A scorpion (D)
  An adder (D)
  An endoplasm (D)
  A goblin (D)
  3 jackals (D)
  2 quokkas (D)
  A bat (D)
11 creatures vanquished.

Notes
Turn   | Place    | Note
-------+----------+-------------------------------------------
     0 | D        | mhtbhm the Hill Orc Fighter began the quest for the Orb.
     0 | D        | Reached XP level 1. HP: 19/19 MP: 1/1
    20 | D        | Found a bloodstained altar of Trog.
    20 | D        | Found a shimmering blue altar of Sif Muna.
    20 | D        | Found a viscous altar of Jiyva.
    20 | D        | Found a hazy altar of Hepliaklqana.
    20 | D        | Found an opulent altar of Gozag.
    21 | D        | Found a glowing golden altar of the Shining One.
    21 | D        | Found a glowing silver altar of Zin.
    21 | D        | Found a basalt altar of Yredelemnul.
    21 | D        | Found a shimmering altar of Xom.
    21 | D        | Found an ornate altar of the Wu Jian Council.
    21 | D        | Found a sacrificial altar of Ru.
    21 | D        | Found a stormy altar of Qazlal.
    21 | D        | Found an iron altar of Okawaru.
    21 | D        | Found a sparkling altar of Nemelex Xobeh.
    21 | D        | Found a burning altar of Makhleb.
    21 | D        | Found a blossoming altar of Fedhas.
    21 | D        | Found a white marble altar of Elyvilon.
    21 | D        | Found a shadowy altar of Dithmenos.
    21 | D        | Found a snail-covered altar of Cheibriados.
    24 | D        | Found a corrupted altar of Lugonu.
    24 | D        | Found a radiant altar of Vehumet.
    24 | D        | Found a roughly hewn altar of Beogh.
    25 | D        | Found an ancient bone altar of Kikubaaqudgha.
    25 | D        | Found a hide-covered altar of Uskayaw.
    25 | D        | Found a broken altar of Ashenzari.
    35 | D        | Became a worshipper of Beogh the Brigand
    83 | D        | Reached skill level 4 in Fighting
    89 | D        | Noticed a scorpion
    89 | D        | Noticed a floating eye
    90 | D        | Paralysed by a floating eye for 3 turns
    94 | D        | Killed a floating eye
    94 | D        | Reached * piety under Beogh
    95 | D        | Reached skill level 6 in Fighting
    95 | D        | Reached XP level 2. HP: 31/31 MP: 2/2
    95 | D        | Reached XP level 3. HP: 38/38 MP: 3/3
    95 | D        | Reached XP level 4. HP: 45/45 MP: 4/4
   100 | D        | Killed a scorpion
   101 | D        | Reached skill level 7 in Fighting
   101 | D        | Reached skill level 5 in Axes
   101 | D        | Reached XP level 5. HP: 23/53 MP: 5/5
   323 | D        | Reached ** piety under Beogh
   326 | D        | Reached skill level 8 in Fighting
   407 | D        | Noticed a fire bat
   409 | D        | Noticed an orc warrior
   409 | D        | Noticed a kobold brigand
   409 | D        | Noticed a centaur
   412 | D        | Noticed a black bear
   415 | D        | HP: 2/53 [fire bat (4)]
   415 | D        | Mangled by a fire bat

Illustrated notes

Levels and vault maps discovered:
D:        pitsprint [storerooms_1, entrance_room_1, metal_vault_1, armoury_2,
          mini_pit_1, grid_room_1, main_hall_1, silver_pit, the_coven_1,
          the_vestibule_1, steel_vault_3, golden_pit, hallway_of_sentries,
          crystal_vault_4, iron_vault_1, final_vault]

Skill      XL: |  1  2  3  4  5 |
---------------+----------------+-----
Fighting       | 6 7 8 |  8.0
Axes           | 4 5 |  5.3
Armour         | 6 7 |  7.2
Shields        | 6 7 |  7.1

Action                   |  1- 3 |  4- 6 || total
-------------------------+-------+-------++-------
Melee: Hand axe          |     6 |    19 ||    25
       War axe           |     1 |       ||     1
  Use: Potion            |       |     2 ||     2
Armor: Scale mail        |       |     4 ||     4
       Chain mail        |       |     4 ||     4
Dodge: Dodged            |     4 |     2 ||     6
Block: Kite shield       |     1 |    21 ||    22

Table legend: (Time is in decaauts)
 A = Elapsed time spent in this place.
 B = Non-inter-level travel time spent in this place.
 C = Inter-level travel time spent in this place.
 D = Time resting spent in this place.
 E = Time spent auto-exploring this place.
 F = Levels seen in this place.
 G = Mean time per level.
                   A        B        C        D        E       F      G
               +--------+--------+--------+--------+--------+-----+--------+
         Total |    422 |    422 |      0 |    212 |     51 |   1 |  422.0 |
       Dungeon |    422 |    422 |      0 |    212 |     51 |   1 |  422.0 |
               +--------+--------+--------+--------+--------+-----+--------+

Top non-repeatable levels by time:
       D: 422 daAuts
